 Dungeon Crawl Stone Soup version 0.19.5 (webtiles) character file.

1101 Jerry the Grave Robber (level 7, 23/56 HPs)
             Began as a Demigod Necromancer on Apr 10, 2017.
             Quit the game on level 6 of the Dungeon.
             The game lasted 00:26:03 (7995 turns).

Jerry the Grave Robber (Demigod Necromancer)        Turns: 7995, Time: 00:26:03

Health: 23/56      AC:  3    Str: 11    XL:     7   Next: 85%
Magic:  13/16      EV: 12    Int: 23    God:
Gold:   163        SH:  0    Dex: 16    Spells: 5 memorised, 2 levels left

rFire  . . .     SeeInvis .     d - +1 dagger (venom)
rCold  . . .     Gourm    +     a - +1 robe
rNeg   . . .     Faith    .     (no shield)
rPois  .         Spirit   .     t - +0 hat
rElec  .         Reflect  .     (no cloak)
rCorr  .         Harm     .     (no gloves)
MR     .....                    (no boots)
Stlth  +++.......               x - amulet of the gourmand
                                (no ring)
                                (no ring)

@: no status effects
A: blink, high mp 1, no device heal 1, subdued magic 1
a: Blink


You were on level 6 of the Dungeon.
You were completely stuffed.

You visited 1 branch of the dungeon, and saw 6 of its levels.

You collected 163 gold pieces.

Inventory:

Hand Weapons
 d - a +1 dagger of venom (weapon)
Armour
 a - a +1 robe (worn)
 t - a +0 hat (worn)
Jewellery
 x - an amulet of the gourmand (around neck)
Scrolls
 k - 2 scrolls of enchant armour
 l - 6 scrolls of recharging {unknown}
 m - a scroll of enchant weapon {unknown}
 p - 2 scrolls of fog
 q - 2 scrolls of remove curse
 r - a scroll of random uselessness {unknown}
 u - a scroll of amnesia {unknown}
Potions
 e - 2 potions of haste
 h - a potion of brilliance
 n - 2 potions of magic {unknown}
 o - a potion of cure mutation {unknown}
 s - a potion of curing {unknown}
 w - 2 potions of flight {unknown}
Books
 b - a book of Necromancy

   Spells                             Type                      Level
   a - Pain                           Necromancy                   1
   b - Animate Skeleton               Necromancy                   1
   c - Vampiric Draining              Necromancy                   3
   d - Regeneration                   Charms/Necromancy            3
   e - Animate Dead                   Necromancy                   4
   f - Control Undead                 Necromancy                   4
Comestibles
 c - 4 bread rations
 f - a meat ration
 i - a slice of pizza
 j - 2 beef jerkies


   Skills:
 + Level 2.6 Fighting
 * Level 3.0 Short Blades
 - Level 1.7 Dodging
 + Level 4.8 Stealth
 + Level 4.2 Spellcasting
 + Level 5.8 Necromancy


You had 2 spell levels left.
You knew the following spells:

 Your Spells              Type           Power        Failure   Level  Hunger
a - Pain                  Necr           ###.         1%          1    None
b - Animate Skeleton      Necr           N/A          1%          1    None
c - Vampiric Draining     Necr           ###.......   2%          3    ##.....
d - Regeneration          Chrm/Necr      ##........   10%         3    ##.....
e - Control Undead        Necr           ###.......   10%         4    ####...


Dungeon Overview and Level Annotations

Branches:
Dungeon (6/15)
 Temple: D:4-7

Shops:
D:5 [


Innate Abilities, Weirdness & Mutations

You have an increased reservoir of magic. (+10% MP)
You can translocate small distances at will.
Potions and wands are less effective at restoring your health.
Your spells are a little easier to cast, but a little less powerful.


Message History

The orc warrior writhes in agony!
The orc shouts!
An orc wizard comes into view. It is wielding a dagger.
Casting: Pain
Confirm with . or Enter, or press ? or * to list all spells.
Aiming: Pain
Press: ? - help, Shift-Dir - straight line, f/p - orc warrior
Aim: an orc warrior, wielding a trident and wearing a runed plate armour (lightly wounded, chance to defeat MR: 83%)
The orc warrior resists with significant effort.
The orc wizard shouts!
The orc wizard mumbles some strange words.
The orc wizard blinks!
Casting: Pain
Confirm with . or Enter, or press ? or * to list all spells.
Aiming: Pain
Press: ? - help, Shift-Dir - straight line, f/p - orc warrior
Aim: an orc warrior, wielding a trident and wearing a runed plate armour (lightly wounded, chance to defeat MR: 83%)
The orc warrior writhes in agony!
The orc warrior hits you from afar with a trident!!
Are you sure you want to abandon this character and quit the game? (Confirm with "yes".)

#.....#.....#... #.....#.....#...
##....##....#... ##....##....#...
#[...§......#... #...........#...
##....###'###...
#################o...###...#...
#.........(.(.@.oo.........#.[.
###.#########.####o..........')..
...(# #.# ##(.##.##..##)). ###.#
≈.. #.(########.... #≈≈≈≈≈
≈≈≈≈≈##..........#.... ≈≈≈≈≈≈≈≈
≈≈≈≈≈≈≈≈≈.........#....
≈≈≈≈≈≈≈≈≈≈..≈≈≈≈≈≈≈≈.########....
≈≈≈≈≈≈≈≈cc...$≈≈≈≈≈≈###.......###
≈≈≈≈≈≈≈c%c .c≈≈≈≈≈..#.......#..


You could see an orc warrior, an orc wizard and 2 orcs.

Vanquished Creatures
  A hippogriff (D:6)
  The ghost of murphvienna the Cudgeler, an amateur MiBe of Trog (D:3)
  An ogre (D:5)
  A phantom (D:6)
  A bullfrog (D:5)
  A howler monkey (D:4)
  A bullfrog zombie (D:6)
  2 hounds (D:6)
  2 bullfrog skeletons
  Ijyb (D:2)
  2 orc wizards
  Natasha (twice) (D:2)
  4 worker ants
  2 hound skeletons (D:4)
  A worker ant zombie (D:5)
  5 adders
  2 oozes
  An adder skeleton (D:4)
  3 worms
  A dart slug (D:1)
  3 leopard geckos
  16 orcs
  9 bats
  3 giant cockroaches
  10 goblins
  6 hobgoblins
  11 jackals
  3 quokkas
  5 ball pythons
  2 frilled lizards
  5 kobolds
  A quokka zombie (D:6)
  5 rats
114 creatures vanquished.

Vanquished Creatures (collateral kills)
  A phantom (D:6)
  A bullfrog (D:6)
  Natasha (D:2)
  3 adders
  An ooze (D:6)
  3 orcs (D:6)
  A quokka (D:6)
  A bat (D:1)
  A rat (D:2)
13 creatures vanquished.

Grand Total: 127 creatures vanquished

Notes
Turn   | Place    | Note
-------+----------+-------------------------------------------
     0 | D:1      | Jerry the Demigod Necromancer began the quest for the Orb.
     0 | D:1      | Reached XP level 1. HP: 14/14 MP: 5/5
   623 | D:1      | Reached XP level 2. HP: 14/20 MP: 1/7
   739 | D:1      | Learned a level 1 spell: Animate Skeleton
  1266 | D:2      | Noticed Natasha
  1271 | D:2      | Killed Natasha
  1271 | D:2      | Reached skill level 4 in Necromancy
  1271 | D:2      | Reached XP level 3. HP: 23/26 MP: 3/9
  1376 | D:2      | Learned a level 3 spell: Vampiric Draining
  1386 | D:2      | Found a glowing silver altar of Zin.
  1436 | D:2      | Noticed Natasha
  1446 | D:2      | Killed Natasha
  1805 | D:2      | Noticed Natasha
  1811 | D:2      | Killed Natasha
  1811 | D:2      | Reached XP level 4. HP: 28/33 MP: 2/11
  2377 | D:2      | Found a deep blue altar of Sif Muna.
  2720 | D:2      | Noticed Ijyb
  2728 | D:2      | Killed Ijyb
  2816 | D:2      | Found a hazy altar of Hepliaklqana.
  2825 | D:2      | Reached XP level 5. HP: 31/38 MP: 12/12
  2830 | D:2      | Found a hide-covered altar of Uskayaw.
  2906 | D:2      | Gained mutation: Your spells are a little easier to cast, but a little less powerful. [potion of mutation]
  2906 | D:2      | Gained mutation: Potions and wands are less effective at restoring your health. [potion of mutation]
  2906 | D:2      | Gained mutation: You can translocate small distances at will. [potion of mutation]
  2911 | D:2      | Learned a level 3 spell: Regeneration
  3374 | D:3      | Noticed murphvienna's ghost (amateur MiBe)
  3548 | D:3      | Reached skill level 1 in Fighting
  4209 | D:3      | Killed murphvienna's ghost
  4209 | D:3      | Reached skill level 5 in Necromancy
  4209 | D:3      | Reached XP level 6. HP: 32/47 MP: 12/14
  4991 | D:4      | Found a shimmering altar of Xom.
  4991 | D:4      | Found a shimmering altar of Xom.
  4992 | D:4      | Found a shimmering altar of Xom.
  4992 | D:4      | Found a shimmering altar of Xom.
  5294 | D:4      | Learned a level 4 spell: Control Undead
  5393 | D:4      | Found an opulent altar of Gozag.
  5394 | D:4      | Found a sparkling altar of Nemelex Xobeh.
  5482 | D:5      | Entered Level 5 of the Dungeon
  5618 | D:5      | Found Amuokack's Armour Shop.
  5746 | D:5      | Found a sacrificial altar of Ru.
  5866 | D:5      | Reached XP level 7. HP: 24/55 MP: 4/16
  6101 | D:5      | Reached skill level 1 in Short Blades
  6674 | D:6      | Noticed a hippogriff
  6922 | D:6      | Killed a hippogriff
  7995 | D:6      | Quit the game

Skill      XL: |  1  2  3  4  5  6  7 |
---------------+----------------------+-----
Spellcasting   | 2 3 4 |  4.2
Stealth        | 2 3 4 |  4.8
Necromancy     | 4 5 |  5.8
Fighting       | 1 2 |  2.6
Short Blades   | 3 |  3.0
Dodging        | |  1.7

Action                   |  1- 3 |  4- 6 |  7- 9 || total
-------------------------+-------+-------+-------++-------
Melee: Short sword       |    14 |    25 |       ||    39
       Dagger            |       |   204 |    91 ||   295
 Cast: Pain              |    55 |    35 |    18 ||   108
       Animate Skeleton  |     9 |     7 |     9 ||    25
       Vampiric Draining |     2 |    10 |     7 ||    19
       Control Undead    |       |     1 |     9 ||    10
       Regeneration      |       |       |     3 ||     3
  Use: Scroll            |     3 |     8 |     1 ||    12
       Potion            |       |     2 |       ||     2
 Stab: Sleeping          |     1 |    10 |     4 ||    15
       Distracted        |       |       |     2 ||     2
  Eat: Chunk             |     3 |    11 |    25 ||    39
       Pizza             |       |     1 |       ||     1
Armor: Robe              |     4 |    44 |    17 ||    65
Dodge: Dodged            |    20 |   135 |    58 ||   213
